 Dungeon Crawl Stone Soup version 0.30.1-11-g7821555f0a (webtiles) character file.

Game seed: 17136889193518583373

108 monsoonserge the Magician (level 5, -4/52 HPs)
             Began as a Djinni Venom Mage on Dec 14, 2023.
             Shot with an arrow by a centaur (7 damage)
             ... on level 3 of the Dungeon.
             The game lasted 00:07:22 (2110 turns).

monsoonserge the Magician (Djinni Venom Mage)       Turns: 2110, Time: 00:07:22

Health: -4/52      AC: 22    Str:  7    XL:     5   Next: 12%
Gold:   184        EV:  2    Int: 18    God:
                   SH:  0    Dex: 14

rFire   . . .        q - +1 dagger (venom)
rCold   . . .        (no shield)
rNeg    . . .        a - melded +0 robe
rPois   ∞            (helmet currently unavailable)
rElec   .            (cloak currently unavailable)
rCorr   .            v - melded +0 pair of gloves
SInv    +            (boots unavailable)
Will    .....        (no amulet)
Stlth   ++           f - ring of see invisible
HPRegen 0.28/turn    (no ring)
MPRegen 0.00/turn

%: infuse magic (-5 HP)
@: tree-form
A: stationary, stasis, torment immunity, boosted hp, sickness immunity, (fire
resistance 2), (cold vulnerability 1), float, innate caster, HP casting, extra
vitality 1
a: no special abilities


You were on level 3 of the Dungeon.
You were a tree.
You visited 1 branch of the dungeon, and saw 3 of its levels.

You collected 184 gold pieces.

Inventory:

Hand Weapons
 p - a +0 sling
 q - a +1 dagger of venom (weapon)
 u - a +0 rapier
Missiles
 s - 6 poisoned darts (quivered)
Armour
 a - a +0 robe (melded)
 n - a +0 ring mail
 v - a +0 pair of gloves (melded)
Jewellery
 f - a ring of see invisible (left branch)
Scrolls
 d - a scroll of enchant armour {unknown}
 e - 5 scrolls of identify {unknown}
 g - a scroll of noise {unknown}
 i - a scroll of poison {unknown}
 k - a scroll of enchant weapon {unknown}
 m - a scroll of fog {unknown}
Potions
 b - a potion of brilliance {unknown}
 c - 2 potions of curing {unknown}
 h - 2 potions of flight {unknown}
 j - 2 potions of lignification
 l - 2 potions of cancellation {unknown}
 o - a potion of attraction {unknown}
 r - a potion of heal wounds {unknown}
 t - a potion of mutation {unknown}


   Skills:
 + Level 0.1 Polearms
 + Level 2.2 Dodging
 + Level 1.8 Stealth
 * Level 4.1 Spellcasting


You knew the following spells:

 Your Spells              Type           Power      Damage    Failure   Level
a - Sting                 Tmut/Pois      72%        1d6       2%          1
b - Poisonous Vapours     Pois/Air       36%        N/A       4%          2
c - Mephitic Cloud        Conj/Pois/Air  18%        N/A       9%          3
d - Olgreb's Toxic Radia  Pois           18%        N/A       26%         4
e - Shock                 Conj/Air       72%        1d7       2%          1
f - Passwall              Tmut/Erth      15%        N/A       4%          2
Your spell library was empty.

Dungeon Overview and Level Annotations

Branches:
Dungeon (3/15)

Altars:


Innate Abilities, Weirdness & Mutations

You are a tree.
Your roots penetrate the ground, keeping you stationary.
You cannot be teleported.
You are immune to unholy pain and torment.
Your maximum health is greatly increased.
Your equipment is partially melded.
You are immune to sickness and miasma.
You are immune to poison.
((Your flesh is very heat resistant. (rF++)))
((You are vulnerable to cold. (rC-)))
You float through the air rather than walking.
You learn spells naturally, not from books.
Your magical power is your life essence.
You have superior vitality. (+4 MHP)


Message History

Found a book of Touch.
You see here a book of Touch.
The book of Touch burns to shimmering ash in your grasp.
A centaur comes into view. It is quivering poisoned darts.
The centaur shouts!
The centaur wields a +0 shortbow.
The centaur shoots an arrow.
The arrow hits you.
Casting: Poisonous Vapours (safe; 4% risk of failure)
Confirm with . or Enter, or press ? or * to list all spells.
Aiming: Mephitic Cloud (dangerous; 9% risk of failure)
Press: ? - help, Shift-Dir - straight line The ball explodes into a vile cloud!
The stinking cloud engulfs the centaur but does no damage.
The centaur shoots an arrow.
The arrow hits you!
Unknown command.
Casting: Mephitic Cloud (dangerous; 9% risk of failure)
Confirm with . or Enter, or press ? or * to list all spells.
Aiming: Poisonous Vapours (safe; 4% risk of failure)
Press: ? - help, Dir - move target, f - centaur
Aim: a centaur, wielding a +0 shortbow and quivering poisoned darts Poisonous vapours surround the centaur!
The centaur is poisoned.
The centaur shoots an arrow.
The arrow closely misses you.
The centaur shoots an arrow.
The arrow barely misses you.
Casting: Poisonous Vapours (safe; 4% risk of failure)
Confirm with . or Enter, or press ? or * to list all spells.
Aiming: Poisonous Vapours (safe; 4% risk of failure)
Press: ? - help, Dir - move target, f/p - centaur
Aim: a centaur, wielding a +0 shortbow and quivering poisoned darts (poisoned) Poisonous vapours surround the centaur!
The centaur looks even sicker.
The centaur shoots an arrow.
The arrow hits you!
* * * LOW HITPOINT WARNING * * *
Unknown command.
The centaur shoots an arrow.
The arrow barely misses you.
You start resting.
The centaur shoots an arrow.
The arrow hits you.
* * * LOW HITPOINT WARNING * * *
It was a potion of lignification.
You turn into a tree.
Your +0 pair of gloves melds into your body.
Your +0 robe melds into your body.
Your roots penetrate the ground.
The centaur shoots an arrow.
The arrow hits you!
You die...

#.####.## ##..##
#.#
#...).).###...#
#.#
#..?####..c...##
##.# .
###.##).###..##
#.##.#......##
#.##.##.....).
#.##.##.#...##
#####c##.##.##.##
#♣..........####
#........####
.##..#(.##..#
.....#.####.#
.....##.# #.#
...#..##.# #.#
####..##.# #.#
#..##.## #.#
#..#...###.#


You could see a centaur (very poisoned).

Vanquished Creatures
  4 gnolls (D:3)
  2 adders
  A worm (D:2)
  3 dart slugs
  3 bats
  An endoplasm (D:3)
  2 hobgoblins
  5 jackals
  6 kobolds
  5 ball pythons
  4 frilled lizards
  3 goblins
  7 rats
46 creatures vanquished.

Notes
Turn   | Place    | Note
-------+----------+-------------------------------------------
     0 | D:1      | monsoonserge the Djinni Venom Mage began the quest for the
                  | Orb.
     0 | D:1      | monsoonserge set off with the following spells memorised:
                  | Sting, Poisonous Vapours, Mephitic Cloud, Olgreb's Toxic
                  | Radiance.
     0 | D:1      | Reached XP level 1. HP: 15/15 MP: 0/0
   174 | D:1      | Reached XP level 2. HP: 5/21 MP: 0/0
   482 | D:1      | Reached skill level 3 in Spellcasting
   631 | D:1      | Reached XP level 3. HP: 22/25 MP: 0/0
   631 | D:1      | Learned a level 1 spell: Shock
  1284 | D:2      | Reached XP level 4. HP: 29/31 MP: 0/0
  1735 | D:3      | Reached skill level 4 in Spellcasting
  1772 | D:3      | Reached XP level 5. HP: 23/35 MP: 0/0
  1772 | D:3      | Learned a level 2 spell: Passwall
  2100 | D:3      | Noticed a centaur
  2110 | D:3      | Shot with an arrow by a centaur

Illustrated notes

Levels and vault maps discovered:
D:1:      dpeg_arrival_windows_large_door, layout_basic,
          chequers_serial_rivers_micro_e, minmay_tripent
D:2:      layout_basic, serial_rivers, chequers_serial_rivers_marsh,
          chequers_serial_rivers_micro_c, chequers_serial_rivers_micro_c,
          chequers_serial_rivers_micro_c, chequers_serial_rivers_large_b,
          chequers_serial_rivers_small_b, palyth_stone_intersect
D:3:      layout_loops_ring

Skill      XL: |  1  2  3  4 |
---------------+-------------+-----
Spellcasting   | 3 4 |  4.1
Polearms       | |  0.1
Dodging        | |  2.2
Stealth        | |  1.8

Action                     |  1- 3 |  4- 6 || total
---------------------------+-------+-------++-------
  Melee: Spear             |     3 |       ||     3
         Dagger            |       |     1 ||     1
   Cast: Sting             |    48 |     8 ||    56
         Poisonous Vapours |    33 |    21 ||    54
         Shock             |     2 |     2 ||     4
         Olgreb's Toxic Ra |       |     2 ||     2
         Mephitic Cloud    |       |     2 ||     2
    Use: Potion            |       |     1 ||     1
   Stab: Sleeping          |     1 |       ||     1
 Armour: Robe              |     3 |     2 ||     5
  Dodge: Dodged            |     9 |     8 ||    17
